 Dungeon Crawl Stone Soup version 0.20-a0-59-g66a9409 (webtiles) character file.

373 KristoblXynda the Conjurer (level 6, -1/45 HPs)
             Began as a Draconian Conjurer on Nov 16, 2016.
             Slain by a gnoll
             ... wielding a +0 spear
              (9 damage)
             ... on level 3 of the Dungeon.
             The game lasted 00:06:17 (2779 turns).

KristoblXynda the Conjurer (Draconian Conjurer)     Turns: 2779, Time: 00:06:18

Health: -1/45      AC:  6    Str: 10    XL:     6   Next: 43%
Magic:  4/12       EV: 11    Int: 18    God:
Gold:   205        SH:  3    Dex: 11    Spells: 2 memorised, 9 levels left

rFire  . . .     SeeInvis .     i - +0 whip (flame)
rCold  . . .     Gourm    .     (armour unavailable)
rNeg   . . .     Faith    .     f - +0 buckler (curse)
rPois  .         Spirit   .     (helmet restricted)
rElec  .         Reflect  .     (no cloak)
rCorr  .         Harm     .     (no gloves)
MR     .....                    (no boots)
Stlth  ++........               (no amulet)
                                (no ring)
                                (no ring)

@: no status effects
A: unfitting armour, cold-blooded, AC +6
a: no special abilities


You were on level 3 of the Dungeon.
You were not hungry.

You visited 1 branch of the dungeon, and saw 3 of its levels.

You collected 205 gold pieces.

Inventory:

Hand Weapons
 i - a +0 whip of flaming (weapon)
Armour
 f - a cursed +0 buckler (worn)
Scrolls
 e - a scroll of teleportation {unknown}
 g - a scroll of amnesia {unknown}
 h - a scroll of identify
Potions
 d - a potion of heal wounds {unknown}
Books
 a - a book of Conjurations

   Spells                             Type                      Level
   a - Magic Dart                     Conjuration                  1
   b - Searing Ray                    Conjuration                  2
   c - Dazzling Spray                 Conjuration/Hexes            3
   d - Fulminant Prism                Conjuration/Hexes            4
   e - Iskenderun's Mystic Blast      Conjuration                  4
   f - Iskenderun's Battlesphere      Conjuration/Charms           5
Comestibles
 b - 3 bread rations
 c - a royal jelly
 m - a meat ration


   Skills:
 + Level 1.4 Maces & Flails
 - Level 1.7 Dodging
 - Level 1.7 Stealth
 + Level 4.4 Spellcasting
 + Level 6.1 Conjurations


You had 9 spell levels left.
You knew the following spells:

 Your Spells              Type           Power        Failure   Level  Hunger
a - Magic Dart            Conj           ####         1%          1    None
b - Dazzling Spray        Conj/Hex       ###...       21%         3    ###....


Dungeon Overview and Level Annotations

Branches:
Dungeon (3/15)

Altars:
Trog


Innate Abilities, Weirdness & Mutations

Your plain brown scales are hard. (AC +6)
You cannot fit into any form of body armour.
You are cold-blooded and may be slowed by cold attacks.


Message History

Confirm with . or Enter, or press ? or * to list all spells.
Aiming: Magic Dart
Press: ? - help, Shift-Dir - straight line, f/p - gnoll
Aim: a gnoll, wielding a club (severely wounded)
The magic dart hits the gnoll.
The gnoll is severely wounded.
The gnoll barely misses you.
You barely miss the gnoll.
The gnoll is severely wounded.
The gnoll barely misses you. x2
You barely miss the gnoll.
The gnoll is severely wounded.
The gnoll hits you with a club.
The gnoll hits you from afar with a spear!
You closely miss the gnoll.
The gnoll is severely wounded.
The gnoll hits you with a club!
* * * LOW HITPOINT WARNING * * *
The gnoll hits you from afar with a spear!
You die...

###.....#
##.##
#.....#
#...#
#######
#...# #...#
##.## #.#
#.#
#########.#
#.@)......#
#g#########
.g. #.###
.. ##


You could see 2 gnolls.

Vanquished Creatures
  The ghost of KristoblXynda the Stinger, an amateur DrVM (D:3)
  An orc priest (D:3)
  6 adders
  A gnoll (D:3)
  2 worms (D:2)
  2 dart slugs
  A leopard gecko (D:3)
  5 orcs
  A ball python (D:1)
  6 bats
  A giant cockroach (D:1)
  13 goblins
  10 hobgoblins
  7 jackals
  3 kobolds (D:1)
  2 quokkas
  5 frilled lizards
  7 rats
74 creatures vanquished.

Notes
Turn   | Place    | Note
-------+----------+-------------------------------------------
     0 | D:1      | KristoblXynda the Draconian Conjurer began the quest for the Orb.
     0 | D:1      | Reached XP level 1. HP: 14/14 MP: 3/3
   451 | D:1      | Reached XP level 2. HP: 20/20 MP: 1/5
  1100 | D:2      | Reached XP level 3. HP: 26/26 MP: 6/6
  1111 | D:2      | Learned a level 3 spell: Dazzling Spray
  1350 | D:2      | Found a bloodstained altar of Trog.
  1419 | D:2      | Found a faded altar of an unknown god.
  1458 | D:2      | Reached skill level 5 in Conjurations
  1458 | D:2      | Reached XP level 4. HP: 28/33 MP: 0/8
  1721 | D:3      | Noticed KristoblXynda's ghost (amateur DrVM)
  1925 | D:3      | Killed KristoblXynda's ghost
  1925 | D:3      | Reached skill level 6 in Conjurations
  1925 | D:3      | Reached XP level 5. HP: 11/38 MP: 0/11
  1925 | D:3      | Reached XP level 6. HP: 14/45 MP: 0/12
  2689 | D:3      | Reached skill level 1 in Maces & Flails
  2779 | D:3      | Slain by a gnoll

Vault maps used:
D:1:      dpeg_arrival_signposts
D:2:      lemuel_crystal_altar, ecumenical_altar_1
D:3:      first_bread, minmay_goblin_outpost

Skill      XL: |  1  2  3  4  5  6 |
---------------+-------------------+-----
Spellcasting   | 3 4 |  4.4
Conjurations   | 5 6 |  6.1
Maces & Flails | 1 |  1.4
Dodging        | |  1.7
Stealth        | |  1.7

Action                   |  1- 3 |  4- 6 || total
-------------------------+-------+-------++-------
Melee: Unarmed           |    28 |       ||    28
       Mace              |    28 |     2 ||    30
       Tailslap          |     4 |     9 ||    13
       Whip              |       |   133 ||   133
 Cast: Magic Dart        |    60 |    32 ||    92
       Dazzling Spray    |       |     6 ||     6
  Use: Scroll            |     5 |     2 ||     7
       Potion            |       |     5 ||     5
 Stab: Sleeping          |     3 |     1 ||     4
       Invisible         |       |     1 ||     1
  Eat: Chunk             |     2 |     5 ||     7
Armor: Skin              |    22 |    73 ||    95
Dodge: Dodged            |    60 |    85 ||   145
Block: Buckler           |       |     3 ||     3
